 Dungeon Crawl Stone Soup version 0.15.0-13-gb296d5c (webtiles) character file.

350 Kashira the Sneak (level 6, -4/50 HPs)
             Began as a Naga Enchanter on Sept 3, 2014.
             Killed from afar by an orc wizard (9 damage)
             ... with a puff of flame
             ... on Level 4 of the Dungeon.
             The game lasted 00:24:09 (3532 turns).

Kashira the Sneak (Naga Enchanter)                  Turns: 3532, Time: 00:24:09

HP  -4/50        AC  8     Str 10      XL: 6   Next: 60%
MP   2/12        EV 10     Int 17      God:
Gold 118         SH  0     Dex 12      Spells:  3 memorised,  4 levels left

rFire  . . .     SeeInvis +     p - +1 flail (protect)
rCold  . . .     Clarity  .     h - +0 leather armour
rNeg   . . .     rCorr    .     (no shield)
rPois  +         rRot     .     (no helmet)
rElec  .         Spirit   .     (no cloak)
SustAb .         Warding  .     (no gloves)
rMut   .         Stasis   .     (no barding)
Gourm  .                        (no amulet)
MR     .....                    (no ring)
                                (no ring)

@: short of breath, very slightly contaminated, very slow, not resistant to
hostile enchantments, fairly stealthy
A: spit poison, see invisible, deformed body, poison resistance, slowness 2, AC
+2
a: Spit Poison


You were on level 4 of the Dungeon.
You were hungry.

You visited 1 branch of the dungeon, and saw 4 of its levels.

You collected 118 gold pieces.

Inventory:

Hand weapons
 p - a +1 flail of protection (weapon)
 s - a +0 morningstar
Armour
 h - a +0 leather armour (worn)
Magical devices
 q - a wand of fireball (2)
Comestibles
 a - a slice of pizza
 d - a bread ration
 f - a fruit
 g - a meat ration
 j - a royal jelly
 w - a rotting chunk of hobgoblin flesh
 z - 3 chunks of orc flesh
Scrolls
 b - a scroll of enchant armour {unknown}
 e - 2 scrolls of magic mapping {unknown}
 m - a scroll of identify {unknown}
 n - a scroll of fog {unknown}
 o - 3 scrolls of recharging {unknown}
 v - a scroll of random uselessness {unknown}
 x - a scroll of amnesia {unknown}
Potions
 i - a potion of resistance {unknown}
 k - a potion of invisibility {unknown}
 l - a potion of cure mutation {unknown}
 r - a potion of agility {unknown}
 u - a potion of brilliance {unknown}
Books
 c - a book of Maledictions

   Spells                             Type                      Level
   *Corona                            Hexes                        1
   Sure Blade                         Hexes/Charms                 2
   Ensorcelled Hibernation            Hexes/Ice                    2
   *Confuse                           Hexes                        3
   *Dazzling Spray                    Conjuration/Hexes            3
   Enslavement                        Hexes                        4
Magical staves
 t - an uncursed staff of energy


   Skills:
 + Level 0.6 Fighting
   Level 1.0 Short Blades
 + Level 1.1 Maces & Flails
 + Level 2.1 Armour
 + Level 2.7 Dodging
 - Level 4.6 Stealth
 + Level 3.0 Spellcasting
 + Level 2.0 Conjurations
 + Level 4.2 Hexes
 + Level 0.4 Evocations


You had 4 spell levels left.
You knew the following spells:

 Your Spells              Type           Power        Failure   Level  Hunger
a - Corona                Hex            ###....      2%          1    None
b - Dazzling Spray        Conj/Hex       ##......     17%         3    ###....
c - Confuse               Hex            ###.....     10%         3    ###....


Dungeon Overview and Level Annotations

Branches:
Dungeon (4/15)             Temple (0/1) D:4

Altars:

Shops:
D:4 (

Annotations:
D:3 Kashira's ghost, average NaEn


Innate Abilities, Weirdness & Mutations

You cannot wear boots.
You can spit poison.
Your serpentine skin is tough (AC +2).
You have supernaturally acute eyesight.
Armour fits poorly on your strangely shaped body.
Your system is resistant to poisons.
You cover ground very slowly.


Message History

Aiming: Dazzling Spray
Press: ? - help, Shift-Dir - straight line, f/p - orc wizard
Aim: an orc wizard, wielding a dagger and wearing a robe (moderately wounded, slightly transparent)
The spray of energy misses the orc wizard.
The spray of energy hits the orc.
You kill the orc!
Your Conjurations skill increases to level 2!
The spray of energy hits the orc.
The orc is heavily wounded.
The orc is dazzled.
The orc wizard hits you with a dagger.
* * * LOW HITPOINT WARNING * * *
Use which ability? (? or * to list)
Press: ? - help, Shift-Dir - straight line, f/p - orc wizard
Aim: an orc wizard, wielding a dagger and wearing a robe (moderately wounded, slightly transparent)
The splash of poison misses the orc wizard.
You feel slightly more hungry. The orc hits you with a hand axe.
* * * LOW HITPOINT WARNING * * *
The orc wizard gestures at you while chanting.
The puff of flame hits you!
You die...

#............##
#.......#.
#.............#
#.......##
##......?......#
#......###
#..............#
#....###
#$...........#
###.## ##
#......b....# ###
##. #..........##
###..
##.......)oo#
###....
###.###..@.#
##...... #.#
##...# ###.......
#.# #####
##.......## #.##
###.....#### #..#
####...#....##
#..#
####...###......#
##.###....###
#..)...##
#......###
#...[...#
#.....##
#.......#


You could see an orc wizard (invisible) and an orc (blind).

Vanquished Creatures
  A phantom (D:4)
  A hound (D:4)
  An orc wizard (D:4)
  5 adders
  4 gnolls (D:4)
  3 worms
  2 oozes (D:1)
  10 orcs
  A ball python (D:4)
  11 bats
  3 giant cockroaches
  4 goblins
  18 hobgoblins
  6 jackals (D:1)
  2 quokkas
  A giant gecko (D:4)
  5 giant newts
  A giant newt skeleton (D:4)
  A hobgoblin skeleton (D:4)
  12 kobolds
  7 rats
99 creatures vanquished.

Notes
Turn   | Place    | Note
--------------------------------------------------------------
     0 | D:1      | Kashira, the Naga Enchanter, began the quest for the Orb.
     0 | D:1      | Reached XP level 1. HP: 15/15 MP: 3/3
   136 | D:1      | Reached XP level 2. HP: 10/22 MP: 2/4
   424 | D:1      | Reached XP level 3. HP: 25/28 MP: 6/6
   492 | D:1      | Learned a level 3 spell: Dazzling Spray
   916 | D:2      | Reached XP level 4. HP: 35/37 MP: 6/8
   968 | D:2      | Learned a level 3 spell: Confuse
  1188 | D:2      | Reached skill level 1 in Armour
  2069 | D:3      | Noticed Kashira's ghost (average NaEn)
  2208 | D:3      | Reached XP level 5. HP: 38/43 MP: 5/9
  2420 | D:4      | Reached skill level 1 in Conjurations
  2859 | D:4      | Noticed a phantom
  2890 | D:4      | Killed a phantom
  2890 | D:4      | Reached skill level 1 in Maces & Flails
  2890 | D:4      | Reached XP level 6. HP: 16/50 MP: 2/12
  3235 | D:4      | Found Upseisi's Weapon Boutique.
  3509 | D:4      | Found a staircase to the Ecumenical Temple.
  3532 | D:4      | Killed from afar by an orc wizard

Action                   |  1- 3 |  4- 6 || total
-------------------------+-------+-------++-------
Melee: Dagger            |     9 |       ||     9
       Mace              |    41 |    25 ||    66
       Flail             |       |    52 ||    52
 Cast: Corona            |    12 |       ||    12
       Dazzling Spray    |     2 |    35 ||    37
 Abil: Spit Poison       |    49 |    56 ||   105
Evoke: Wand              |       |     3 ||     3
 Stab: Invisible         |       |     2 ||     2
       Sleeping          |       |     1 ||     1
  Eat: Chunk             |     4 |    16 ||    20
